Unix NetHack Version 5.0.0-0 post-release - last build May 10 2026 23:12:36 (d1fa5d53e341ca933230fdaa984d921c805b60aa,branch:main).

Game began 2026-05-13 17:15:04, ended 2026-05-13 17:43:16.

DaveT, lawful male human Priest

                                                                       -------
                                                                       -.....|
                                                                       |.....|
                                                                       |...<.|
                                                                       -----.-
                                                                            #
                                                                           ##
                                                                           #
                                                                        ####
                                                                       -|-----
                                                                       |.....|
                                                                       |.....|
                                                                       |.....|
                                                               #       |..>..|
                                                               @u###)##......|
                                                               )       -------

DaveT the Adept              St:25 Dx:12 Co:15 In:12 Wi:17 Ch:11  Lawful
Dlvl:7  $:110 HP:0(53) Pw:98(98) AC:2  Xp:7 T:5450  Burdened

Latest messages:
 You see here a lock pick.
 You have a little trouble lifting I - a lock pick.
 You fall down the stairs.
 You climb up the stairs.
 You see here an arrow.
 You see here an arrow.
 You fall down the stairs.
 You hear someone beseeching Anshar.
 You fall down the stairs.
 The gnome wields a cursed bow!
 The bow welds itself to the gnome's hand!
 The gnome lord picks up a gem.
 The gnome misses!
 You kill the gnome!
 The giant spider is caught in a bear trap!
 A little dart shoots out at you!
 A little dart misses you.
 You see here a dark green potion.
 You have a little trouble lifting J - a dark green potion.
 Really step onto that dart trap? [yn] (n) n
 You climb up the stairs.
 You hear a slow drip.
 You hit the monkey!
 The monkey just misses!
 The monkey bites!
 The monkey hits!
 The monkey stole a bag of tricks.
 The monkey tries to run away with your bag of tricks.
 You kill the monkey!
 You see here a bag of tricks.
 You have a little trouble lifting j - a bag of tricks.
 You see here an arrow.
 The horse kicks!
 The horse bites!
 The horse kicks!
 The horse bites!
 The horse misses!
 The horse bites!
 You miss the horse.
 The horse kicks!
 The horse just misses!
 The horse kicks!
 The horse bites!
 You hit the horse!
 The horse kicks!
 The horse just misses!
 The horse kicks!
 You die...
 Do you want your possessions identified? [ynq] (y) y
 Do you want to see your attributes? [ynq] (y) q

Inventory:
 Coins    ('$')
  $ - 110 gold pieces
 Amulets  ('"')
  g - an amulet versus poison (being worn)
 Weapons  (')')
  r - 13 blessed +1 darts
  q - a blessed +0 dart
  a - a blessed +1 mace (weapon in right hand)
 Armor    ('[')
  n - a +0 orcish helm (being worn)
  x - a +0 pair of gauntlets of power (being worn)
  A - a +0 pair of elven boots (being worn)
  c - a +0 small shield
  s - a +0 mummy wrapping
  b - a +0 robe (being worn)
  y - a +0 Hawaiian shirt with a toucan motif (being worn)
  z - a +0 studded leather armor (being worn)
 Comestibles  ('%')
  e - a clove of garlic
  o - 3 food rations
  f - a sprig of wolfsbane
  H - a lizard corpse
 Scrolls  ('?')
  t - a scroll of enchant armor
  Z - a scroll of gold detection
  k - a scroll of scare monster
  C - a scroll of teleportation
 Potions  ('!')
  h - a potion of booze
  G - a potion of gain ability
  J - a potion of gain energy
  B - 2 potions of healing
 Wands    ('/')
  F - a wand of locking (0:7)
 Tools    ('(')
  N - a sack containing 12 items
  W - an empty sack
  j - a bag of tricks (0:19)
  v - a cursed blindfold
  D - a lock pick
  I - a lock pick
  p - a +0 pick-axe
 Gems/Stones  ('*')
  i - a worthless piece of orange glass

Contents of the sack:
  128 gold pieces
  a cursed scroll of confuse monster
  a spellbook of healing
  a spellbook of invisibility
  a spellbook of light
  a spellbook of protection
  a cursed potion of booze
  3 potions of holy water
  a ring of polymorph control
  a ring of sustain ability
  a cursed skeleton key
  a tin whistle

DaveT the Priest's attributes:

Background:
 You were an Adept, a level 7 human Priest.
 You were lawful, on a mission for Anu
 who was opposed by Ishtar (neutral) and Anshar (chaotic).
 You were right-handed.
 You were in the Gnomish Mines, on level 7.
 You entered the dungeon 5450 turns ago.
 You had 837 experience points, 443 more were needed to attain level 8.

Basics:
 You had 0 out of 53 hit points.
 You had all 98 energy points (spell power).
 Your armor class was 2.
 Your wallet contained 110 zorkmids, and
 you had 128 more stashed away in your pack.
 Autopickup was off.

Final Characteristics:
 Your strength was 25 (base:12, innate limit:18/100).
 Your dexterity was 12 (limit:18).
 Your constitution was 15 (limit:18).
 Your intelligence was 12 (limit:18).
 Your wisdom was 17 (limit:18).
 Your charisma was 11 (limit:18).

Final Status:
 You weren't hungry.
 You were burdened; movement was slightly slowed.
 You were wielding a mace.
 You were skilled in mace.

Final Attributes:
 You were piously aligned.
 You were poison resistant.
 You were stealthy.
 You were guarded.
 Your spell casting was enhanced by wearing a robe.
 You are dead.

Miscellaneous:
 You encountered 1 bones level.
 Total elapsed playing time was 28 minutes and 11 seconds.

Major events:
 Turn
    1: DaveT the lawful human Priest entered the dungeon
  994: attained the rank of Acolyte (level 3)
 1390: entered the Gnomish Mines
 2695: attained the rank of Adept (level 6)
 5450: killed by a horse

Spells:
 Name                 Level Category     Fail Retention
 light                  1   clerical       0%   71%-80%
 healing                1   healing        0%   51%-75%
 protection             1   clerical       0%   81%-90%
 invisibility           4   escape       100%  76%-100%

Skills:
 Fighting Skills
   bare handed combat [Unskilled]
 Weapon Skills
   club               [Unskilled]
   mace               [Skilled]
   morning star       [Unskilled]
   flail              [Unskilled]
   hammer             [Unskilled]
   quarterstaff       [Unskilled]
   polearms           [Unskilled]
   spear              [Unskilled]
   trident            [Unskilled]
   lance              [Unskilled]
   bow                [Unskilled]
   sling              [Unskilled]
   crossbow           [Unskilled]
   dart               [Unskilled]
   shuriken           [Unskilled]
   boomerang          [Unskilled]
   unicorn horn       [Unskilled]
 Spellcasting Skills
   healing spells     [Unskilled]
   divination spells  [Unskilled]
   clerical spells    [Basic]

Voluntary challenges:
 Character rerolling was not enabled.
 You never genocided any monsters.
 You never polymorphed an object.
 You never changed form.
 You used no wishes.
Achievements:
 You attained the rank of Acolyte.
 You entered a shop.
 You entered the Gnomish Mines.
 You attained the rank of Adept.

 The Dungeons of Doom: levels 1 to 4
    Level 1: "vault"
       An altar to Anu, a fountain, a grave.
    Level 2:
       An armor shop, a fountain.
    Level 3:
       A general store, some fountains.
       Stairs down to The Gnomish Mines.
    Level 4:
 The Gnomish Mines: levels 4 to 8
    Level 4:
    Level 5:
    Level 6:
    Level 7: <- You were here.
       Final resting place for
          you, killed by a horse,
          Nestorix-Pri-Hum-Fem-Neu, killed by a giant mimic.
    Level 8:


Vanquished creatures:
  3 small mimics
  a giant beetle
 an iron piercer
  a brown pudding
  a lizard
  a housecat
  a blue jelly
  a rock piercer
  a rock mole
  a pony
  a yellow light
  5 gnome leaders
  a kobold mummy
  4 elf zombies
  2 giant ants
  a floating eye
  a kitten
  5 dwarves
  a homunculus
  2 monkeys
 an iguana
  a hobbit
  2 giant rats
  3 cave spiders
  a brown mold
  2 yellow molds
  a green mold
 26 gnomes
  7 garter snakes
  a gnome zombie
  2 geckos
  8 jackals
  2 foxes
  a kobold
  4 goblins
  a sewer rat
  4 grid bugs
  3 lichens
  8 newts
113 creatures vanquished.

No species were genocided or became extinct.

Game over:
                       ----------
                      /          \
                     /    REST    \
                    /      IN      \
                   /     PEACE      \
                  /                  \
                  |      DaveT       |
                  |      238 Au      |
                  |   killed by a    |
                  |      horse       |
                  |                  |
                  |                  |
                  |       2026       |
                 *|     *  *  *      | *
        _________)/\\_//(\/(/\)/\//\/|_)_______

Goodbye DaveT the Priest...

You died in The Gnomish Mines on dungeon level 7 with 3933 points,
and 238 pieces of gold, after 5450 moves.
You were level 7 with a maximum of 53 hit points when you died.

